 Dungeon Crawl Stone Soup version 0.15-a0-35-ga771cbd (webtiles) character file.

930 4tharraofdagon the Chopper (level 7, 0/66 HPs)
             Began as a Deep Dwarf Fighter on Apr 2, 2014.
             Slain by a steam dragon (2 damage)
             ... on Level 8 of the Dungeon.
             The game lasted 00:04:44 (866 turns).

4tharraofdagon the Chopper (Deep Dwarf Fighter)      Turns: 866, Time: 00:04:45

HP   0/66        AC 10     Str 20      XL: 7   Next: 59%
MP   6/6         EV  5     Int 10      God:
Gold 129         SH 18     Dex 12      Spells:  0 memorised,  6 levels left

rFire  . . .     SeeInvis .     a - +0,-1 war axe
rCold  . . .     Clarity  .     g - +0 chain mail
rNeg   . . .     Conserve .     c - +0 shield
rPois  .         rCorr    .     (no helmet)
rElec  .         rRot     .     (no cloak)
SustAb . .       Spirit   .     (no gloves)
rMut   .         Warding  .     (no boots)
Saprov . . .     Stasis   .     (no amulet)
MR     +....                    (no ring)
                                n - ring of flight

@: non-regenerating, somewhat resistant to hostile enchantments, extremely
unstealthy
A: damage resistance, recharge devices, sense surroundings 1, slow healing 3
a: Device Recharging, Evoke Flight


You were on level 8 of the Dungeon.
You were very hungry.

You visited 1 branch of the dungeon, and saw 8 of its levels.

You collected 129 gold pieces.

Inventory:

Hand weapons
 a - a +0,-1 war axe (weapon)
Missiles
 h - 18 darts (quivered)
 m - 5 javelins
Armour
 b - a +0 scale mail
 c - a +0 shield (worn)
 g - a +0 chain mail (worn)
Magical devices
 d - a wand of heal wounds (3)
Comestibles
 f - 5 bread rations
 i - a meat ration
Scrolls
 e - a scroll of fear {unknown}
 j - 2 scrolls of remove curse {unknown}
 o - a scroll of identify {unknown}
Jewellery
 n - a ring of flight (left hand)
Books
 k - a book of War Chants

   Spells                             Type                      Level
   Fire Brand                         Charms/Fire                  2
   Freezing Aura                      Charms/Ice                   2
   Shroud of Golubria                 Charms/Translocation         2
   Repel Missiles                     Charms/Air                   2
   Poison Weapon                      Charms/Poison                3
   Regeneration                       Charms/Necromancy            3
Magical staves
 l - an uncursed staff of cold


   Skills:
 + Level 4.7 Fighting
 * Level 6.8 Axes
 + Level 5.7 Armour
 - Level 3.2 Shields


You had 6 spell levels left.
You didn't know any spells.

Dungeon Overview and Level Annotations

Branches:
Dungeon (8/15)
 Temple: D:4-7         Lair: D:8-11

Altars:
Elyvilon

Shops:
D:8 *

Annotations:
D:7 Edmund


Innate Abilities, Weirdness & Mutations

You are resistant to damage.
You can recharge devices by infusing magical energy.
You passively map a small area around you.
You do not heal naturally.


Message History

You block the steam dragon's attack!
A sky beast comes into view!
Unknown command!
Use which ability? (? or * to list)
You fail to use your ability!
The sky beast flickers out of sight!!!
Deactivating autopickup; reactivate with Ctrl-A!
Something hits you!
* * * LOW HITPOINT WARNING * * *
Something shocks you!!!
* * * LOW HITPOINT WARNING * * *
The steam dragon bites you but does no damage!
You block the steam dragon's attack!
The insubstantial wisp blinks!!!
Unknown command!
Use which ability? (? or * to list)
Okay, then!
Use which ability? (? or * to list) Charge which item? (? for menu, Esc to quit)
Your wand of heal wounds (0) glows for a moment and now has 3 charges!
Something hits you but does no damage! The steam dragon bites you!
You die!!!

≈..#.≈≈≈....#
§§≈≈≈≈≈§§....#
..≈≈≈≈≈≈§....(#
..#....#...#.#############
,
.....§.I.....).........[..
,
...........(...............
...........###.............
,
l........≈.D∩#.............
.........@# #....>........
,........%.................
..........................
, .........................
, ..............(.........
* , ..#####################
* .


You could see a steam dragon and a sky beast.

Vanquished Creatures
  A hippogriff (D:8)
  A hungry ghost (D:7)
  A black bear (D:8)
  A sky beast (D:8)
  A giant frog (D:7)
  A jelly (D:7)
  A crimson imp (D:6)
  An orc priest (D:6)
  2 hounds
  An orc wizard (D:6)
  An iguana (D:7)
  3 worker ants
  A hound zombie (D:6)
  A giant mite (D:1)
  An adder zombie (D:7)
  3 giant geckos
  6 orcs
  3 goblins
  2 hobgoblins (D:1)
  A jackal (D:6)
  2 kobolds
  2 bats
  2 giant newts
  8 rats
  A rat zombie (D:6)
  3 ballistomycetes (D:6)
51 creatures vanquished.

Vanquished Creatures (others)
  An orc warrior (D:7)
  An adder (D:6)
  A worm (D:6)
  3 orcs (D:7)
  A jackal (D:6)
  A bat (D:6)
  A giant spore (D:6)
  A rat (D:6)
10 creatures vanquished.

Grand Total: 61 creatures vanquished

Notes
Turn   | Place    | Note
--------------------------------------------------------------
     0 | D:1      | 4tharraofdagon, the Deep Dwarf Fighter, began the quest for the Orb.
     0 | D:1      | Reached XP level 1. HP: 20/20 MP: 1/1
   134 | D:1      | Reached XP level 2. HP: 24/27 MP: 2/2
   270 | D:4      | Reached XP level 3. HP: 14/34 MP: 3/3
   317 | D:4      | Noticed an ogre
   340 | D:5      | Entered Level 5 of the Dungeon
   349 | D:5      | Found a white marble altar of Elyvilon.
   392 | D:5      | Noticed an ice beast
   457 | D:6      | Reached XP level 4. HP: 9/42 MP: 4/4
   459 | D:6      | Reached skill level 4 in Armour
   476 | D:6      | Reached XP level 5. HP: 25/49 MP: 5/5
   506 | D:6      | Noticed an orc warrior
   527 | D:7      | Killed an orc warrior
   583 | D:7      | Reached skill level 5 in Axes
   583 | D:7      | Reached XP level 6. HP: 17/57 MP: 6/6
   598 | D:6      | Noticed a giant frog
   652 | D:7      | Noticed a hungry ghost
   699 | D:7      | Killed a hungry ghost
   699 | D:7      | Reached skill level 5 in Armour
   799 | D:7      | Noticed Edmund
   800 | D:7      | Noticed a hippogriff
   813 | D:8      | Killed a hippogriff
   813 | D:8      | Reached skill level 6 in Axes
   813 | D:8      | Reached XP level 7. HP: 21/66 MP: 7/7
   836 | D:8      | Noticed a steam dragon
   844 | D:8      | Found Prefaub's Assorted Antiques.
   865 | D:8      | HP: 2/66 [something (4)]
   866 | D:8      | Slain by a steam dragon

Action                   |  1- 3 |  4- 6 |  7- 9 || total
-------------------------+-------+-------+-------++-------
Melee: War axe           |    81 |   100 |    18 ||   199
 Abil: Device Recharging |       |       |     1 ||     1
Evoke: Wand              |     1 |     2 |     2 ||     5
  Use: Potion            |     3 |       |       ||     3
